 Dungeon Crawl Stone Soup version 0.21.0-3-g78d12a8 (webtiles) character file.

205 Haldmier the Grasshopper (level 5, -6/30 HPs)
             Began as a Deep Elf Warper on Jan 14, 2018.
             Was an Initiate of Kikubaaqudgha.
             Killed by nerve-wracking pain
             ... invoked by an orc priest
              (13 damage)
             ... on level 3 of the Dungeon.
             The game lasted 00:18:44 (4440 turns).

Haldmier the Grasshopper (Deep Elf Warper)          Turns: 4440, Time: 00:18:45

Health: -6/30      AC:  8    Str:  9    XL:     5   Next: 52%
Magic:  11/11      EV: 11    Int: 18    God:    Kikubaaqudgha [......]
Gold:   106        SH:  0    Dex: 14    Spells: 6/10 levels left

rFire    . . .     SeeInvis .   a - +0 falchion
rCold    . . .     Gourm    .   (no shield)
rNeg     . . .     Faith    .   s - +0 ring mail
rPois    .         Spirit   .   v - +0 helmet
rElec    .         Reflect  .   h - +0 cloak
rCorr    .         Harm     .   p - +0 pair of gloves
MR       .....                  (no boots)
Stlth    +.........             (no amulet)
HPRegen  0.10/turn              (no ring)
MPRegen  0.12/turn              (no ring)

@: no status effects
A: no striking features
a: Renounce Religion


You were on level 3 of the Dungeon.
You worshipped Kikubaaqudgha.
Kikubaaqudgha was noncommittal.
You were not hungry.

You visited 1 branch of the dungeon, and saw 3 of its levels.

You collected 106 gold pieces.

Inventory:

Hand Weapons
 a - a +0 falchion (weapon)
 i - a +2 dagger of venom
 t - a +0 blowgun
Missiles
 e - 5 tomahawks of dispersal
 j - 103 stones (quivered)
 m - 8 tomahawks
 u - 9 poisoned needles
Armour
 b - a +0 leather armour
 h - a +0 cloak (worn)
 p - a +0 pair of gloves (worn)
 s - a +0 ring mail (worn)
 v - a +0 helmet (worn)
Jewellery
 w - a +3 ring of evasion {unknown}
Scrolls
 d - a scroll of blinking
 g - 4 scrolls of identify
 k - a scroll of amnesia {unknown}
 o - a scroll of enchant armour {unknown}
 q - a scroll of random uselessness {unknown}
Potions
 l - a potion of brilliance
 n - a potion of heal wounds
 x - 2 potions of flight {unknown}
Books
 c - a book of Spatial Translocations

   Spells                             Type                      Level
   a - Blink                          Translocation                2
   b - Shroud of Golubria             Charms/Translocation         2
   c - Lesser Beckoning               Translocation                3
   d - Gell's Gravitas                Translocation                3
   e - Teleport Other                 Translocation                3
   f - Passage of Golubria            Translocation                4
Comestibles
 f - 7 rations
 r - a chunk of flesh


   Skills:
 - Level 2.0 Fighting
 * Level 3.5 Long Blades
 - Level 1.0 Throwing
 - Level 0.7 Armour
 + Level 3.8 Dodging
 - Level 3.0 Spellcasting
 + Level 2.9 Charms
 + Level 4.0 Translocations


You had 6 spell levels left.
You knew the following spells:

 Your Spells              Type           Power        Failure   Level  Hunger
a - Shroud of Golubria    Chrm/Tloc      ###.......   16%         2    ##.....
b - Blink                 Tloc           N/A          13%         2    ##.....


Dungeon Overview and Level Annotations

Branches:
Dungeon (3/15)

Altars:
Kikubaaqudgha
Qazlal
Ru
Sif Muna

Annotations:
D:1 Terence


Message History

The orc priest is almost dead.
You closely miss the orc priest.
The orc priest is almost dead.
The orc priest hits you but does no damage.
You closely miss the orc priest.
The orc priest is almost dead.
The orc priest invokes the aid of Beogh against you.
Beogh smites you!
* * * LOW HITPOINT WARNING * * *
The orc priest hits you but does no damage.
You hit the orc priest.
The orc priest is almost dead.
The orc priest hits you with a club.
* * * LOW HITPOINT WARNING * * *
You closely miss the orc priest.
The orc priest is almost dead.
The orc priest invokes the aid of Beogh against you.
Pain shoots through your body!
You die...
Kikubaaqudgha rasps: "You have failed me!
Welcome... death!"

.........###.#####.##.#
..........##.# ###.##.#######
..........##.# #............#
...........#.# #............#
.........#.#.# #............#
.............# #............#
.......###...###......#######
.####..# #...#<.......#
...##..# #..>###@.....#
....#..# #.#.....o....#
....#..# #.#.###.....######
_.....## #.#.# #..........##
....#.# #.#.# #.............
....#.# #.#.# #####.........
...##.. .. .# #.........
.####... .......... .........
#.#........


You could see an orc priest.

Vanquished Creatures
  A hound (D:2)
  An orc priest (D:3)
  An orc wizard (D:3)
  3 gnolls
  2 adders
  A worm (D:2)
  2 dart slugs (D:1)
  A leopard gecko (D:1)
  7 orcs
  A ball python (D:2)
  A giant cockroach (D:2)
  7 goblins
  11 hobgoblins
  2 jackals (D:2)
  4 bats
  3 frilled lizards
  8 kobolds
  6 rats
62 creatures vanquished.

Notes
Turn   | Place    | Note
-------+----------+-------------------------------------------
     0 | D:1      | Haldmier the Deep Elf Warper began the quest for the Orb.
     0 | D:1      | Reached XP level 1. HP: 12/12 MP: 6/6
   310 | D:1      | Reached XP level 2. HP: 13/17 MP: 8/8
   314 | D:1      | Learned a level 2 spell: Blink
   317 | D:1      | Learned a level 2 spell: Shroud of Golubria
  1427 | D:1      | Reached XP level 3. HP: 20/21 MP: 5/9
  1546 | D:2      | Noticed Terence
  1588 | D:2      | Reached skill level 1 in Charms
  2342 | D:2      | Found a sacrificial altar of Ru.
  2389 | D:2      | Reached XP level 4. HP: 26/26 MP: 8/10
  2438 | D:2      | Found an ancient bone altar of Kikubaaqudgha.
  2447 | D:2      | Became a worshipper of Kikubaaqudgha
  2903 | D:2      | Found a deep blue altar of Sif Muna.
  3350 | D:3      | Found a stormy altar of Qazlal.
  3917 | D:3      | Reached skill level 4 in Translocations
  3917 | D:3      | Reached XP level 5. HP: 13/30 MP: 9/11
  4440 | D:3      | Killed from afar by an orc priest

Skill      XL: |  1  2  3  4 |
---------------+-------------+-----
Long Blades    | 2 3 |  3.5
Charms         | 1 2 |  2.9
Fighting       | 2 |  2.0
Dodging        | 3 |  3.8
Translocations | 4 |  4.0
Throwing       | |  1.0
Armour         | |  0.7
Spellcasting   | |  3.0

Action                   |  1- 3 |  4- 6 || total
-------------------------+-------+-------++-------
Melee: Falchion          |   131 |   142 ||   273
 Fire: Blowgun           |       |    10 ||    10
Throw: Stone             |    16 |    11 ||    27
 Cast: Shroud of Golubri |    19 |    18 ||    37
       Blink             |     4 |       ||     4
  Use: Scroll            |       |     2 ||     2
       Potion            |       |     1 ||     1
 Stab: Sleeping          |     1 |       ||     1
  Eat: Chunk             |     6 |     8 ||    14
Armor: Leather armour    |    33 |    18 ||    51
       Ring mail         |       |    23 ||    23
Dodge: Dodged            |    79 |    79 ||   158
       Rpst.: Falchion   |    23 |    32 ||    55
